 Dungeon Crawl Stone Soup version 0.26.1-11-gd32895ea62 (webtiles) character file.

Game seed: 16094825128540800186

1471 Almogavar the Spear-Bearer (level 8, -16/61 HPs)
             Began as a Merfolk Gladiator on May 16, 2021.
             Was a Follower of Okawaru.
             Demolished by an orc knight
             ... wielding a +0 war axe
              (25 damage)
             ... in a bailey.
             The game lasted 00:22:20 (8011 turns).

Almogavar the Spear-Bearer (Merfolk Gladiator)      Turns: 8011, Time: 00:22:21

Health: -16/61     AC:  8    Str: 16    XL:     8   Next: 78%
Magic:  8/8        EV: 21    Int: 13    God:    Okawaru [*.....]
Gold:   292        SH:  0    Dex: 16    Spells: 7/7 levels left

rFire    + . .     SeeInvis .   a - +0 trident
rCold    . . .     Faith    .   (no shield)
rNeg     . . .     Spirit   .   b - +0 leather armour
rPois    .         Reflect  .   c - +0 helmet
rElec    .         Harm     .   j - +2 cloak
rCorr    .         Rampage  .   (no gloves)
Will     .....                  (no boots)
Stlth    ++++......             e - amulet of magic regeneration
HPRegen  0.20/turn              r - ring of protection from fire
MPRegen  0.36/turn              y - +6 ring of intelligence

@: heroism
A: change form in water, swift swim, stealthy swim
a: Renounce Religion, Heroism


You were in a bailey.
You worshipped Okawaru.
Okawaru was aware of your devotion.
You visited 2 branches of the dungeon, and saw 8 of its levels.
You also visited: Sewer and Bailey.

You collected 292 gold pieces.

Inventory:

Hand Weapons
 a - a +0 trident (weapon)
 z - the +0 staff of Battle
   (You found it on level 6 of the Dungeon)
Missiles
 m - 12 poisoned darts
 A - 46 boomerangs (quivered)
Armour
 b - a +0 leather armour (worn)
 c - a +0 helmet (worn)
 g - a +0 ring mail
 j - a +2 cloak (worn)
 k - a +0 scale mail
Jewellery
 e - an amulet of magic regeneration (around neck)
 r - a ring of protection from fire (left hand)
 s - an uncursed ring of protection from fire
 y - a +6 ring of intelligence (right hand)
Wands
 d - a wand of paralysis (7)
 t - a wand of digging (10)
 w - a wand of flame (25)
Scrolls
 f - 2 scrolls of fog
 l - 2 scrolls of enchant weapon
 p - a scroll of remove curse
 q - 3 scrolls of teleportation
Potions
 h - 2 potions of might
 i - a potion of cancellation
 n - 6 potions of heal wounds
 o - 5 potions of haste
 u - 3 potions of brilliance
 v - 3 potions of flight
 x - 4 potions of lignification


   Skills:
 + Level 4.7(9.7) Fighting
 + Level 10.1(15.1) Polearms
 + Level 3.9(8.9) Throwing
 + Level 2.7(7.7) Armour
 + Level 7.2(12.2) Dodging
 + Level 2.8(7.8) Stealth


You had 7 spell levels left.
You didn't know any spells.
Your spell library contained the following spells:

 Spells                   Type           Power        Failure   Level
 Apportation              Tloc           0%           36%         1
 Lesser Beckoning         Tloc           0%           73%         3
 Tukima's Dance           Hex            0%           73%         3
 Alistair's Intoxication  Tmut/Pois      0%           100%        5
 Invisibility             Hex            0%           100%        6


Dungeon Overview and Level Annotations

Branches:
Dungeon (7/15)             Temple (1/1) D:4           Sewer (visited)
 Bailey (1/1)

Altars:
Cheibriados
Dithmenos
Elyvilon
Gozag
Hepliaklqana
Kikubaaqudgha
Makhleb
Nemelex Xobeh
Okawaru
Qazlal
Vehumet
Wu Jian
Xom
Zin

Annotations:
Bailey 3 runed translucent doors


Message History

The orc knight barely misses you. The gnoll misses you.
You hit the orc knight.
The orc knight is moderately wounded.
You hit the orc knight.
The orc knight is moderately wounded.
The orc knight hits you with a +0 war axe!
The gnoll completely misses you.
You hit the orc knight.
The orc knight is moderately wounded.
You puncture the orc knight!
The orc knight is heavily wounded.
The orc knight hits you with a +0 war axe!!
* * * LOW HITPOINT WARNING * * *
The gnoll closely misses you.
You hit the orc knight.
The orc knight is heavily wounded.
You barely miss the orc knight.
The orc knight is heavily wounded.
The orc knight hits you with a +0 war axe!!
You die...

.##≈≈≈#
####......##
.#≈)...
≈#≈≈#.....##
.#≈?...
...≈#....##
.##8.8.
8.8≈##...#
..#o...
...≈≈+...#
..#....
...≈≈+...#
..#....
...≈≈+...#
.##8.8.
8.8≈##...#
.#g!...
..o≈#..@.#
.#≈|...
≈#≈≈#.go..#
.# ≈≈≈#
####......#
..#####
.....8...#
....
..........#
....#
#.........!#
....#
#...8..8.!##
...##
##.......##
..##


You could see an orc warlord, an orc knight and a gnoll.

Vanquished Creatures
  Menkaure (D:6)
  Duvessa (D:4)
  2 orc warriors
  Blork the orc (D:4)
  A big kobold (Sewer)
  A bullfrog (D:6)
  Dowan (D:4)
  A scorpion (D:6)
  A howler monkey (D:7)
  2 hounds
  2 bullfrog skeletons
  A jelly (D:7)
  An orc priest (D:7)
  2 iguanas
  Ijyb (D:4)
  2 orc wizards
  5 worker ants
  Robin (D:3)
  4 gnolls
  4 adders
  2 howler monkey skeletons
  A river rat (Sewer)
  A shadow imp (D:5)
  3 white imps
  An ufetubus (D:6)
  An ooze (D:1)
  An adder zombie (D:5)
  2 worms (D:3)
  2 dart slugs (D:1)
  8 leopard geckos
  9 orcs
  9 giant cockroaches
  23 goblins
  11 hobgoblins
  9 jackals
  4 quokkas
  9 bats
  8 frilled lizards
  15 kobolds
  A quokka skeleton (D:5)
  A quokka zombie (D:5)
  15 rats
171 creatures vanquished.

Vanquished Creatures (others)
  A kobold (D:2)
1 creature vanquished.

Grand Total: 172 creatures vanquished

Notes
Turn   | Place    | Note
-------+----------+-------------------------------------------
     0 | D:1      | Almogavar the Merfolk Gladiator began the quest for the
                  | Orb.
     0 | D:1      | Reached XP level 1. HP: 16/16 MP: 1/1
    53 | D:1      | Reached XP level 2. HP: 13/23 MP: 2/2
   354 | D:1      | Reached XP level 3. HP: 28/28 MP: 3/3
  1555 | D:2      | Found a white marble altar of Elyvilon.
  1620 | D:2      | Reached skill level 5 in Polearms
  1684 | D:2      | Reached XP level 4. HP: 34/34 MP: 4/4
  1855 | D:2      | Found a snail-covered altar of Cheibriados.
  2184 | D:3      | Noticed Robin
  2468 | D:3      | Killed Robin
  2469 | D:3      | Reached skill level 1 in Armour
  2502 | D:3      | Reached skill level 5 in Dodging
  2502 | D:3      | Reached XP level 5. HP: 32/40 MP: 5/5
  2881 | D:3      | Found a sparkling altar of Nemelex Xobeh.
  2883 | D:3      | Found an ancient bone altar of Kikubaaqudgha.
  3132 | D:4      | Noticed Dowan
  3135 | D:4      | Noticed Duvessa
  3142 | D:4      | Killed Dowan
  3143 | D:4      | Reached skill level 6 in Polearms
  3154 | D:4      | HP: 2/40 [Duvessa/cursed -2 short sword (7)]
  3171 | D:4      | Killed Duvessa
  3172 | D:4      | Reached XP level 6. HP: 24/47 MP: 6/6
  3342 | D:4      | Found a staircase to the Ecumenical Temple.
  3349 | Temple   | Entered the Ecumenical Temple
  3438 | Temple   | Became a worshipper of Warmaster Okawaru
  3511 | D:4      | Noticed Blork the orc
  3524 | D:4      | Killed Blork the orc
  3525 | D:4      | Reached skill level 1 in Stealth
  3549 | D:4      | Reached skill level 7 in Polearms
  3768 | D:4      | Found a burning altar of Makhleb.
  3768 | D:4      | Noticed a blizzard demon
  3771 | D:4      | Noticed a ynoxinul
  3771 | D:4      | Noticed a ynoxinul
  3822 | D:4      | Reached XP level 7. HP: 52/52 MP: 7/7
  4152 | D:4      | Noticed Ijyb
  4153 | D:4      | Paralysed by Ijyb for 4 turns
  4166 | D:4      | Paralysed by Ijyb for 6 turns
  4175 | D:4      | Paralysed by Ijyb for 6 turns
  4191 | D:4      | Killed Ijyb
  4362 | D:4      | You fall into a shaft and drop 2 floors!
  4376 | D:5      | Entered Level 5 of the Dungeon
  4376 | D:5      | Found a glowing drain.
  4445 | Sewer    | Entered a sewer
  4541 | Sewer    | Reached skill level 8 in Polearms
  4614 | Sewer    | Found a white marble altar of Elyvilon.
  6619 | D:6      | Reached XP level 8. HP: 23/60 MP: 8/8
  7156 | D:6      | Noticed Menkaure
  7161 | D:6      | Killed Menkaure
  7162 | D:6      | Reached skill level 9 in Polearms
  7195 | D:6      | Found an opulent altar of Gozag.
  7236 | D:6      | Found the +0 staff of Battle
  7310 | D:6      | Found a stormy altar of Qazlal.
  7605 | D:7      | Found a flagged portal.
  7681 | D:7      | Reached * piety under Okawaru
  7761 | Bailey   | Entered a bailey
  7789 | Bailey   | Noticed an orc warlord
  7954 | Bailey   | Reached skill level 10 in Polearms
  7982 | Bailey   | Found a runed translucent gate.
  7985 | Bailey   | Found a runed translucent gate.
  7987 | Bailey   | Found a runed translucent gate.
  7994 | Bailey   | Noticed an orc knight
  8011 | Bailey   | Demolished by an orc knight

Illustrated notes

Levels and vault maps discovered:
D:1:      dpeg_arrival_three_same_balls, layout_basic, minmay_pentomino_r4
D:2:      layout_loops_corners, elyvilon_altar_4, cheibriados_altar_1,
          grunt_ministairs_5
D:3:      kennysheep_big_flooded_room, layout_basic, grunt_temple_overflow_open,
          uniq_robin
D:4:      layout_layer_cave, makhleb_altar_promises_db,
          minmay_temple_entry_gardened_gates, uniq_duvessa, uniq_blork_the_orc,
          uniq_ijyb
D:5:      layout_layer_cave, cheibrodos_sewer_entry_drain
D:6:      layout_rooms, nicolae_qazlal_general_emergency,
          nicolae_gozag_cash_rules_everything_around_me, uniq_menkaure
D:7:      minmay_octagon_keep, layout_basic, lemuel_crystal_altar,
          lemuel_zombie_altar_yredelemnul, enter_bailey_5
Temple:   minmay_temple_curvy_loop
Bailey:   bailey_axe_bossmonster_kennysheep, bailey

Skill      XL: |  1  2  3  4  5  6  7  8 |
---------------+-------------------------+-----
Polearms       | 5 6 7 8 10 | 10.1
Armour         | 1 2 |  2.7
Dodging        | 5 6 7 |  7.2
Fighting       | 3 4 |  4.7
Stealth        | 1 2 |  2.8
Throwing       | 3 |  3.9

Action                   |  1- 3 |  4- 6 |  7- 9 || total
-------------------------+-------+-------+-------++-------
Melee: Trident           |   119 |   175 |   346 ||   640
       Tailslap          |       |       |     3 ||     3
       Punch             |       |       |     1 ||     1
Throw: Dart              |       |    21 |    14 ||    35
       Throwing net      |       |     4 |       ||     4
       Boomerang         |       |       |    17 ||    17
Invok: Heroism           |       |       |     1 ||     1
  Use: Scroll            |     7 |     2 |     8 ||    17
       Potion            |       |     1 |     1 ||     2
 Stab: Sleeping          |     2 |       |     5 ||     7
       Distracted        |     1 |       |       ||     1
       Held in net/web   |       |     1 |       ||     1
Armor: Leather armour    |    19 |    51 |    66 ||   136
Dodge: Dodged            |    76 |   106 |   226 ||   408
